 Dungeon Crawl Stone Soup version 0.32-a0-20-ge526923d97 (webtiles) character file.

Game seed: 12952617438883465121

74 croobank the Grave Robber (level 4, -2/32 HPs)
             Began as a Human Necromancer on Jan 18, 2024.
             Slain by a gnoll sergeant
             ... wielding a +0 trident
              (9 damage)
             ... on level 3 of the Dungeon.
             The game lasted 00:08:43 (2664 turns).

croobank the Grave Robber (Human Necromancer)       Turns: 2664, Time: 00:08:43

Health: -2/32      AC:  6    Str:  8    XL:     4   Next: 30%
Magic:  7/7        EV: 12    Int: 17    God:
Gold:   65         SH:  0    Dex: 14    Spells: 3/8 levels left

rFire   . . .        o - +0 dagger
rCold   . . .        (no shield)
rNeg    . . .        a - +0 robe
rPois   .            (no helmet)
rElec   .            (no cloak)
rCorr   .            l - +2 pair of gloves
SInv    .            b - +0 pair of boots
Will    .....        k - amulet of magic regeneration
Stlth   ++           (no ring)
HPRegen 0.25/turn    (no ring)
MPRegen 0.50/turn

%: no passive effects
@: no status effects
A: explore regen
a: no special abilities


You were on level 3 of the Dungeon.
You visited 1 branch of the dungeon, and saw 3 of its levels.

You collected 65 gold pieces.

Inventory:

Hand Weapons
 o - a +0 dagger (weapon)
Missiles
 d - 3 curare-tipped darts (quivered)
 g - 7 poisoned darts
Armour
 a - a +0 robe (worn)
 b - a +0 pair of boots (worn)
 h - a +0 leather armour
 l - a +2 pair of gloves (worn)
 m - a +0 buckler
 r - a +0 ring mail
Jewellery
 k - an amulet of magic regeneration (around neck)
Wands
 u - a wand of mindburst (10)
Scrolls
 c - 3 scrolls of fear {unknown}
 e - 4 scrolls of identify {unknown}
 f - a scroll of fog {unknown}
 j - a scroll of teleportation {unknown}
 n - a scroll of blinking {unknown}
 p - a scroll of immolation {unknown}
 s - a scroll of revelation {unknown}
 t - a scroll of poison {unknown}
Potions
 i - a potion of degeneration {unknown}
 q - a potion of lignification {unknown}
 v - a potion of experience {unknown}


   Skills:
 + Level 1.4 Fighting
 + Level 2.6 Dodging
 + Level 2.6 Stealth
 + Level 2.5 Spellcasting
 + Level 4.3 Necromancy


You had 3 spell levels left.
You knew the following spells:

 Your Spells              Type           Power      Damage    Failure   Level
a - Necrotise             Necr           64%        1d7       3%          1
A - Animate Dead          Necr           16%        N/A       30%         4

Your spell library contained the following spells:

 Spells                   Type           Power      Damage    Failure   Level
 Kiss of Death            Conj/Necr      36%        2d8       8%          1
 Vampiric Draining        Necr           16%        2d7       10%         3
 Magic Dart               Conj           8%         1d3       19%         1
 Blink                    Tloc           4%         N/A       28%         2
 Call Imp                 Summ           4%         N/A       28%         2
 Confusing Touch          Hex            2%         N/A       50%         3
 Dispel Undead            Necr           16%        3d10      30%         4
 Curse of Agony           Necr           16%        N/A       65%         5


Dungeon Overview and Level Annotations

Branches:
Dungeon (3/15)

Altars:
Makhleb
Trog

Shops:
D:1 [


Innate Abilities, Weirdness & Mutations

You regain HP and MP as you explore.


Message History

The gnoll attacks as it pursues you! The gnoll misses you.
The orc attacks as it pursues you! The orc misses you.
The orc attacks as it pursues you! The orc closely misses you.
You closely miss the orc.
The orc is almost dead.
The orc hits you but does no damage. What are your orders? t - Shout!
Orders for allies: a - Attack new target. p - Attack previous target. r - Retreat! s - Stop attacking. g - Guard the area. f - Follow me.
Anything else - Cancel.
Gang up on whom?
Press: ? - help, Dir - move target, f - gnoll sergeant, p - gnoll
Aim: a gnoll sergeant, wielding a +0 trident and wearing a +0 ring mail
Okay, then.
Okay, then.
Casting: Necrotise (safe; 3% risk of failure)
Confirm with . or Enter, or press ? or * to list all spells.
Okay, then.
Casting: Necrotise (safe; 3% risk of failure)
Confirm with . or Enter, or press ? or * to list all spells.
You miscast Animate Dead.
You are very lightly contaminated with residual magic.
Nothing appears to happen.
Casting: Animate Dead (extremely dangerous; 30% risk of failure)
Confirm with . or Enter, or press ? or * to list all spells.
You don't have enough magic to cast this spell.
You hit the orc.
You kill the orc!
The gnoll sergeant attacks as it pursues you!
The gnoll sergeant hits you from afar with a +0 trident!
Ouch! That really hurt!
The gnoll sergeant attacks as it pursues you!
The gnoll sergeant hits you from afar with a +0 trident!
* * * LOW HITPOINT WARNING * * *
Your magical contamination has completely faded away.
The gnoll sergeant attacks as it pursues you!
The gnoll sergeant hits you from afar with a +0 trident!
You die...

#.# # #.# #### #.. .... .##.#
#... #.. ......##.. ....
.##...##.#..##.####### #...
...... ..............# #...
......##.#..##[####.#######ww.
.............@.g.g.gg)....g...
...........#..##.##...###.####.#
.............##.##.#.# #.# .#
#......##.#####.##.#.###.####.#
###...## #.###.................#
......#####.....#.##.#.###.....##
............###.#.##.#.###.####..
....#.###...................<.+ .
....'....)...##.#.##........###


You could see a gnoll sergeant and 3 gnolls.

Vanquished Creatures
  An adder (D:2)
  A ribbon worm (D:2)
  2 orcs (D:3)
  7 bats
  3 endoplasms
  4 giant cockroaches
  3 goblins
  4 hobgoblins
  4 jackals (D:2)
  5 quokkas
  2 ball pythons
  2 frilled lizards
  10 kobolds
  6 rats
54 creatures vanquished.

Vanquished Creatures (collateral kills)
  A goblin (D:2)
  A quokka (D:3)
  A ball python (D:2)
  A frilled lizard (D:3)
4 creatures vanquished.

Grand Total: 58 creatures vanquished

Notes
Turn   | Place    | Note
-------+----------+-------------------------------------------
     0 | D:1      | croobank the Human Necromancer began the quest for the Orb.
     0 | D:1      | Reached XP level 1. HP: 13/13 MP: 3/3
   159 | D:1      | Reached XP level 2. HP: 20/20 MP: 0/5
   606 | D:1      | Found Iloasunk's Armour Emporium.
  1249 | D:2      | Found a faded altar of an unknown god.
  1257 | D:2      | Reached XP level 3. HP: 24/25 MP: 3/6
  1287 | D:2      | Reached skill level 1 in Fighting
  2107 | D:2      | Reached XP level 4. HP: 32/32 MP: 5/7
  2112 | D:2      | Learned a level 4 spell: Animate Dead
  2261 | D:2      | Found a burning altar of Makhleb.
  2347 | D:3      | Found a bloodstained altar of Trog.
  2642 | D:3      | Noticed a gnoll sergeant
  2664 | D:3      | Slain by a gnoll sergeant

Illustrated notes

Levels and vault maps discovered:
D:1:      amcnicky_arrival_abandoned_market, layout_basic, serial_shops,
          nicolae_shop_trees
D:2:      layout_loops_corners, basic_altar,
          shapermc_ecumenical_altar_mp_ritualfount
D:3:      minmay_chambers_of_threes, layout_basic,
          mainiacjoe_overflow_surrounded_room

Skill      XL: |  1  2  3 |
---------------+----------+-----
Fighting       | 1 |  1.4
Dodging        | |  2.6
Stealth        | |  2.6
Spellcasting   | |  2.5
Necromancy     | |  4.3

Action                     |  1- 3 |  4- 6 || total
---------------------------+-------+-------++-------
  Melee: Unarmed           |    12 |     2 ||    14
         Dagger            |       |     5 ||     5
  Throw: Dart              |     6 |       ||     6
   Cast: Necrotise         |    74 |    25 ||    99
  Evoke: Wand              |       |     1 ||     1
    Use: Potion            |     1 |       ||     1
   Stab: Sleeping          |     1 |     1 ||     2
 Armour: Robe              |    16 |    16 ||    32
  Dodge: Dodged            |    24 |    15 ||    39

Table legend: (Time is in decaauts)
 A = Elapsed time spent in this place.
 B = Non-inter-level travel time spent in this place.
 C = Inter-level travel time spent in this place.
 D = Time resting spent in this place.
 E = Time spent auto-exploring this place.
 F = Levels seen in this place.
 G = Mean time per level.
                   A        B        C        D        E       F      G
               +--------+--------+--------+--------+--------+-----+--------+
         Total |   2663 |   2613 |     50 |    160 |   1967 |   3 |  887.7 |
       Dungeon |   2663 |   2613 |     50 |    160 |   1967 |   3 |  887.7 |
               +--------+--------+--------+--------+--------+-----+--------+

Top non-repeatable levels by time:
     D:1: 1201 daAuts
     D:2: 1080 daAuts
     D:3: 381 daAuts
